 Dungeon Crawl Stone Soup version 0.28-a0-194-g42b4daccc1 (webtiles) character file.

Game seed: 5946589078939945495

85 willcat the Sneak (level 4, -1/31 HPs)
             Began as an Octopode Delver on Aug 18, 2021.
             Killed from afar by an orc wizard (11 damage)
             ... with a magic dart
             ... on level 5 of the Dungeon.
             The game lasted 00:00:50 (463 turns).

willcat the Sneak (Octopode Delver)                  Turns: 463, Time: 00:00:51

Health: -1/31      AC:  1    Str: 11    XL:     4   Next: 48%
Magic:  4/4        EV: 14    Int: 12    God:
Gold:   12         SH:  0    Dex: 14    Spells: 3/3 levels left

rFire   . . .      SeeInvis .   b - +0 short sword
rCold   . . .      Faith    .   (no shield)
rNeg    . . .      Spirit   .   (helmet restricted)
rPois   .          Reflect  .   (no amulet)
rElec   .          Harm     .   (no ring)
rCorr   .          Rampage  .   (no ring)
Will    .....                   (no ring)
Stlth   +++++.....              (no ring)
HPRegen 0.10/turn               (no ring)
MPRegen 0.09/turn               (no ring)
                                (no ring)
                                (no ring)

@: no status effects
A: almost no armour, amphibious, 8 rings, camouflage 1, gelatinous body 1,
(nimble swimmer 1), tentacles
a: no special abilities


You were on level 5 of the Dungeon.
You visited 1 branch of the dungeon, and saw 1 of its levels.

You collected 12 gold pieces.

Inventory:

Hand Weapons
 b - a +0 short sword (weapon)
Wands
 f - a wand of digging (3)
Scrolls
 c - a scroll of magic mapping
 g - a scroll of identify {unknown}
 h - a scroll of enchant weapon {unknown}
 i - a scroll of fog
Potions
 e - a potion of haste


   Skills:
 - Level 3.0 Fighting
 + Level 3.0 Short Blades
 + Level 3.1 Dodging
 + Level 7.4 Stealth


You had 3 spell levels left.
You didn't know any spells.
Your spell library was empty.

Dungeon Overview and Level Annotations

Branches:
Dungeon (5/15)
 Temple: D:4-7

Altars:


Innate Abilities, Weirdness & Mutations

You cannot wear most types of armour.
You are amphibious.
You can wear up to eight rings at the same time.
Your skin changes colour to match your surroundings (Stealth+).
Your rubbery body absorbs attacks. (AC +1, EV +1)
((You are camouflaged near water. (Stealth+)))
You have tentacles for arms and can constrict up to eight enemies at once.


Message History

Your Dodging skill increases to level 3!
You have reached level 4!
You are now empty-tentacled.
You drop a +0 dagger.
Something hits you.
Unknown command.
Really attack while wielding nothing? [Y]es or [N]o only, please.
Really attack while wielding nothing?
Okay, then.
You completely miss something. Something hits you. The orc closely misses you.
Something hits you.
Unknown command.
Really attack while wielding nothing?
Okay, then.
b - a +0 short sword (weapon)
The orc hits you with a +0 whip. Something barely misses you.
Unknown command.
You hit the orc but do no damage. You grab the orc. You constrict the orc.
Something hits you. The orc completely misses you.
Unknown command.
You miss something.
You constrict the orc, but do no damage.
Something hits you. The orc barely misses you.
Unknown command.
You closely miss something. You constrict the orc. Something hits you.
* * * LOW HITPOINT WARNING * * *
Something hits you.
* * * LOW HITPOINT WARNING * * *
The orc barely misses you.
Unknown command.
As you read the scroll of fear, it crumbles to dust.
You assume a fearsome visage.
The orc looks frightened!
You constrict the orc.
You kill the orc!
Unknown command.
Items here: ( )) [ †.
You see here a +0 pair of gloves.
You start resting.
An orc wizard is nearby!
The orc wizard casts a spell at you. The magic dart hits you!
You die...

#..#..#.#.#..## #.
#..#..##.#...####.##
#......÷[..#........
#.##..#..#...####...
# ##.#..##.## #..#
#.......# #... #
###..##.######.#
#o#####............#
#..@..[..##.########
#.######.##.# # #
#.##.# # #.##.. ..
...... ## #.##### #
#.. .. ##


You could see an orc wizard.

Vanquished Creatures
  A water moccasin skeleton (D:5)
  An orc priest (D:5)
  3 orcs (D:5)
  A quokka (D:5)
6 creatures vanquished.

Notes
Turn   | Place    | Note
-------+----------+-------------------------------------------
     0 | D:5      | willcat the Octopode Delver began the quest for the Orb.
     0 | D:5      | Reached XP level 1. HP: 16/16 MP: 1/1
    31 | D:5      | Reached skill level 7 in Stealth
    31 | D:5      | Reached XP level 2. HP: 9/21 MP: 2/2
    31 | D:5      | Reached XP level 3. HP: 12/26 MP: 3/3
   412 | D:5      | Reached XP level 4. HP: 25/31 MP: 4/4
   463 | D:5      | Killed from afar by an orc wizard

Illustrated notes

Levels and vault maps discovered:
D:5:      layout_loops_ring, makhleb_altar_promises_db

Skill      XL: |  1  2  3 |
---------------+----------+-----
Stealth        | 7 |  7.4
Short Blades   | 3 |  3.0
Dodging        | 3 |  3.1
Fighting       | |  3.0

Action                   |  1- 3 |  4- 6 || total
-------------------------+-------+-------++-------
Melee: Short sword       |    15 |     3 ||    18
       Constrict         |     5 |     1 ||     6
       Dagger            |     8 |       ||     8
       Tentacles         |     5 |       ||     5
       Unarmed           |       |     1 ||     1
  Use: Scroll            |       |     1 ||     1
Armor: Skin              |     2 |       ||     2
Dodge: Dodged            |    10 |     5 ||    15

Table legend: (Time is in decaauts)
 A = Elapsed time spent in this place.
 B = Non-inter-level travel time spent in this place.
 C = Inter-level travel time spent in this place.
 D = Time resting spent in this place.
 E = Time spent auto-exploring this place.
 F = Levels seen in this place.
 G = Mean time per level.
                   A        B        C        D        E       F      G
               +--------+--------+--------+--------+--------+-----+--------+
         Total |    460 |    460 |      0 |    372 |     19 |   1 |  460.0 |
       Dungeon |    460 |    460 |      0 |    372 |     19 |   1 |  460.0 |
               +--------+--------+--------+--------+--------+-----+--------+

Top non-repeatable levels by time:
     D:5: 460 daAuts
